 Dungeon Crawl Stone Soup version 0.28-b1-25-g9875b3fc8c (webtiles) character file.

Game seed: 12022303604707641395

178 belegose the Chopper (level 5, -2/47 HPs)
             Began as a Hill Orc Cinder Acolyte on Jan 31, 2022.
             Was a High Priest of Ignis.
             Killed from afar by a kobold (21 damage)
             ... with a bolt of acid
             ... on level 3 of the Dungeon.
             The game lasted 00:07:14 (3298 turns).

belegose the Chopper (Hill Orc Cinder Acolyte)      Turns: 3298, Time: 00:07:14

Health: -2/47      AC:  2    Str: 17    XL:     5   Next: 58%
Magic:  7/7        EV: 13    Int: 14    God:    Ignis [*****.]
Gold:   141        SH:  0    Dex:  8    Spells: 7/7 levels left

rFire   + . .      SeeInvis .   a - -1 hand axe (flame)
rCold   . . .      Faith    .   (no shield)
rNeg    . . .      Spirit   .   l - +0 scale mail
rPois   .          Reflect  .   (no helmet)
rElec   .          Harm     .   (no cloak)
rCorr   .          Rampage  .   (no gloves)
Will    .....                   (no boots)
Stlth   ..........              m - amulet of the acrobat
HPRegen 0.15/turn               q - +4 ring of evasion
MPRegen 0.10/turn               (no ring)

@: corroded
A: no striking features
a: Renounce Religion, Fiery Armour, Foxfire Swarm, Rising Flame


You were on level 3 of the Dungeon.
You worshipped Ignis.
Ignis was extremely pleased with you.
You visited 1 branch of the dungeon, and saw 3 of its levels.

You collected 141 gold pieces.

Inventory:

Hand Weapons
 a - a -1 hand axe of flaming (weapon)
 b - a +3 vorpal hunting sling
 r - a +1 vorpal mace
Missiles
 c - 81 stones (quivered)
 p - 21 sling bullets
Armour
 i - a +2 robe of willpower
 l - a +0 scale mail (worn)
Jewellery
 m - an amulet of the acrobat (around neck)
 q - a +4 ring of evasion (left hand)
Scrolls
 e - 5 scrolls of identify {unknown}
 f - a scroll of silence {unknown}
 j - a scroll of enchant weapon {unknown}
 k - a scroll of immolation {unknown}
 n - 2 scrolls of enchant armour {unknown}
 o - 2 scrolls of teleportation {unknown}
Potions
 g - a potion of cancellation {unknown}
 h - a potion of lignification {unknown}


   Skills:
 + Level 4.5 Fighting
 + Level 5.0 Axes
 + Level 2.3 Armour
 + Level 1.8 Spellcasting
 + Level 4.1 Fire Magic


You had 7 spell levels left.
You didn't know any spells.
Your spell library contained the following spells:

 Spells                   Type           Power      Damage    Failure   Level
 Scorch                   Fire           26%        2d6       22%         2


Dungeon Overview and Level Annotations

Branches:
Dungeon (3/15)

Altars:


Message History

You hit the adder. You burn the adder.
You kill the adder!
You feel sick.
You feel sick.
Things that are here:
a +0 mace; an adder corpse You feel sick.
You feel sick.
You feel sick.
You feel sick.
You feel sick.
You are no longer poisoned.
A kobold comes into view.
It is wielding a +0 scimitar and carrying a wand of acid (3).
Things that are here:
a +0 mace; an adder corpse You start resting.
HP restored.
Okay, then.
Things that are here:
a +0 mace; an adder corpse
Found a whip and 10 gold pieces.
The kobold shouts!
The kobold throws a stone.
The stone misses you.
You see here a stone.
The kobold completely misses you.
You barely miss the kobold. The kobold misses you.
You hit the kobold but do no damage.
The kobold zaps a wand.
The bolt of acid hits you!!
Ouch! That really hurt!
The acid corrodes you!
You hit the kobold. You burn the kobold.
The kobold is severely wounded.
The kobold hits you with a +0 scimitar.
You closely miss the kobold.
The kobold is severely wounded.
The kobold zaps a wand.
The bolt of acid misses you.
You miss the kobold.
The kobold is severely wounded.
The kobold zaps a wand.
The bolt of acid hits you!!
You die...

####....# #####
#....##.# #...#
#.#####.# #.#.#
#.# #.# #.#.#
#.#
#.######.#.###
#.#
#........#....
##)##
############..
######...######
#.#
#......#.@....#
#.#
#.####..K####.##
#.# ##..$......
#.#
#............
...
................
..#
#####..#(##.#.
## ### #.^#(. .)
....... .
...##...


You could see a kobold.

Vanquished Creatures
  An iguana (D:2)
  Natasha (thrice) (D:2)
  2 adders
  2 worms
  2 dart slugs
  2 orcs (D:3)
  7 ball pythons
  7 endoplasms
  A giant cockroach (D:3)
  5 goblins
  2 hobgoblins
  6 bats
  A frilled lizard (D:1)
  4 kobolds (D:1)
  8 rats
53 creatures vanquished.

Notes
Turn   | Place    | Note
-------+----------+-------------------------------------------
     0 | D:1      | belegose the Hill Orc Cinder Acolyte began the quest for
                  | the Orb.
     0 | D:1      | Reached XP level 1. HP: 19/19 MP: 2/2
   317 | D:1      | Reached XP level 2. HP: 6/27 MP: 3/3
   925 | D:1      | Found a faded altar of an unknown god.
  1004 | D:1      | Reached skill level 1 in Armour
  1500 | D:2      | Noticed Natasha
  1528 | D:2      | Reached XP level 3. HP: 33/33 MP: 4/4
  2030 | D:2      | Killed Natasha
  2031 | D:2      | Reached XP level 4. HP: 16/40 MP: 6/6
  2061 | D:2      | Noticed Natasha
  2067 | D:2      | Killed Natasha
  2329 | D:2      | Reached XP level 5. HP: 34/47 MP: 7/7
  2533 | D:2      | Noticed Natasha
  2542 | D:2      | Killed Natasha
  2543 | D:2      | Reached skill level 5 in Axes
  2976 | D:3      | Noticed an ogre
  3298 | D:3      | Killed from afar by a kobold

Illustrated notes

Levels and vault maps discovered:
D:1:      lemuel_arrival_funnel, layout_basic,
          shapermc_ecumenical_altar_notcrosses, minivault_4, st_stairs_11,
          minmay_hexomino_c4
D:2:      layout_rooms, serial_glass, glass_columns_a, glass_columns_a,
          uniq_natasha
D:3:      layout_loops_ring

Skill      XL: |  1  2  3  4  5 |
---------------+----------------+-----
Armour         | 1 2 |  2.3
Fighting       | 4 |  4.5
Fire Magic     | 4 |  4.1
Axes           | 5 |  5.0
Spellcasting   | |  1.8

Action                   |  1- 3 |  4- 6 || total
-------------------------+-------+-------++-------
Melee: Hand axe          |   104 |    53 ||   157
       Punch             |       |     1 ||     1
 Fire: Hunting sling     |       |     3 ||     3
Invok: Fiery Armour      |     2 |       ||     2
Armor: Robe              |    29 |       ||    29
       Scale mail        |       |    12 ||    12
Dodge: Dodged            |    51 |    35 ||    86
